 Dungeon Crawl Stone Soup version 0.25.1-11-g244df3a29b (webtiles) character file.

Game seed: 5069560274412025526

68 DeepDeath the Cudgeler (level 4, -3/28 HPs)
             Began as a Gargoyle Abyssal Knight on Jan 20, 2024.
             Was a Believer of Lugonu.
             Killed by divine providence
             ... invoked by an orc priest
              (12 damage)
             ... on level 3 of the Dungeon.
             The game lasted 00:03:07 (1760 turns).

DeepDeath the Cudgeler (Gargoyle Abyssal Knight)    Turns: 1760, Time: 00:03:07

Health: -3/28      AC:  6    Str: 17    XL:     4   Next: 19%
Magic:  5/5        EV: 11    Int: 12    God:    Lugonu [**....]
Gold:   150        SH:  0    Dex: 15    Spells: 3/3 levels left

rFire    . . .     SeeInvis .   a - +2 mace
rCold    . . .     Gourm    .   (no shield)
rNeg     + . .     Faith    .   b - +0 leather armour
rPois    ∞         Spirit   .   (no helmet)
rElec    +         Reflect  .   (no cloak)
rCorr    .         Harm     .   (no gloves)
MR       .....                  (no boots)
Stlth    +.........             (no amulet)
HPRegen  0.09/turn              k - +6 ring of dexterity
MPRegen  0.09/turn              (no ring)

@: no status effects
A: negative energy resistance 1, electricity resistance, unbreathing,
petrification resistance, rot immunity, AC +3
a: Depart the Abyss, Bend Space, Renounce Religion


You were on level 3 of the Dungeon.
You worshipped Lugonu.
Lugonu was pleased with you.
You were not hungry.

You visited 1 branch of the dungeon, and saw 3 of its levels.
You visited the Abyss 1 time.

You collected 150 gold pieces.

Inventory:

Hand Weapons
 a - a +2 mace (weapon)
 h - a +2 vorpal hunting sling
Missiles
 f - 99 stones (quivered)
 l - 15 sling bullets
 o - 42 bolts
 Z - 3 curare-tipped darts
Armour
 b - a +0 leather armour (worn)
Jewellery
 k - a +6 ring of dexterity (left hand)
 p - an uncursed amulet of reflection {unknown}
Scrolls
 g - a scroll of magic mapping {unknown}
 i - 2 scrolls of remove curse
Potions
 d - 2 potions of curing {unknown}
 e - a potion of mutation {unknown}
 j - 2 potions of might {unknown}
 m - a potion of flight {unknown}
 n - 3 potions of lignification
Comestibles
 c - 6 rations


   Skills:
 - Level 3.2 Fighting
 + Level 4.3 Maces & Flails
 - Level 2.1 Armour
 - Level 0.7 Dodging
 - Level 2.0 Invocations


You had 3 spell levels left.
You didn't know any spells.
Your spell library was empty.

Dungeon Overview and Level Annotations

Branches:
Dungeon (3/15)

Altars:
Sif Muna


Innate Abilities, Weirdness & Mutations

You are resistant to torment.
Your stone body is resilient. (AC +3)
You are immune to poison.
You resist negative energy. (rN+)
You are resistant to electric shocks. (rElec)
You can survive without breathing.
You are immune to petrification.
You are immune to rotting.


Message History

You hit the orc priest but do no damage.
The orc priest invokes the aid of Beogh against you.
Pain shoots through your body! The orc closely misses you.
The orc barely misses you.
The orc priest mumbles some strange prayers to Beogh against you.
Pain shoots through your body!
You hit the orc priest.
The orc priest is lightly wounded.
The orc priest hits you with a +0 flail.
The orc hits you from afar with a +0 trident.
The orc hits you with a +0 long sword.
You are too injured to fight recklessly!
You are too injured to fight recklessly!
You are too injured to fight recklessly!
You are too injured to fight recklessly!
You hit the orc priest.
The orc priest is moderately wounded.
The orc priest calls down the wrath of Beogh upon you.
Beogh smites you!
You die...

#######.## #........#######
#.#####..).....# #.# #........#
#.# ###......>.# #.###..........#
#.#............#
#######.#.#..........######
#............oo@..........#
#.#####.......o#...######.# ##.##
###.###..##### #.# ....# #.###..#
#.# ##'.# #......# #.#
..#.#########...## #.#
'.#......###.....## ###.###
#.#..###.##.......## ##.#.#.####
#.#.).##.#....÷..<.####..........


You could see an orc priest (fast) and 2 orcs.

Vanquished Creatures
  An adder (D:2)
  An ooze (D:2)
  A leopard gecko (D:1)
  2 orcs (D:3)
  7 bats
  4 giant cockroaches
  10 goblins
  2 hobgoblins
  A quokka (D:3)
  5 frilled lizards
  6 kobolds
  11 rats
51 creatures vanquished.

Notes
Turn   | Place    | Note
-------+----------+-------------------------------------------
     0 | Abyss:1  | DeepDeath the Gargoyle Abyssal Knight began the quest for
                  | the Orb.
     0 | Abyss:1  | Reached XP level 1. HP: 14/14 MP: 2/2
     4 | Abyss:1  | Found a corrupted altar of Lugonu.
    71 | Abyss:1  | Noticed a vampire
   102 | D:1      | Escaped the Abyss
   293 | D:1      | Reached XP level 2. HP: 17/19 MP: 3/3
   417 | D:1      | Reached * piety under Lugonu
   417 | D:1      | Reached skill level 3 in Maces & Flails
   696 | D:2      | Reached XP level 3. HP: 21/23 MP: 4/4
   878 | D:2      | Found a shimmering blue altar of Sif Muna.
  1153 | D:2      | Reached skill level 4 in Maces & Flails
  1475 | D:3      | Reached XP level 4. HP: 24/28 MP: 5/5
  1597 | D:3      | Reached ** piety under Lugonu
  1760 | D:3      | Killed from afar by an orc priest

Illustrated notes

Levels and vault maps discovered:
D:1:      lightli_arrival_flooded_house, layout_rooms, grunt_decor_cap
D:2:      layout_basic, led_sif_pool, minmay_crystal_room
D:3:      layout_loops_corners, chequers_serial_rivers_large_a, minivault_11,
          kennysheep_pointless_box, nemelex_spade_bored_becter, uniq_robin

Skill      XL: |  1  2  3 |
---------------+----------+-----
Maces & Flails | 3 4 |  4.3
Fighting       | |  3.2
Armour         | |  2.1
Dodging        | |  0.7
Invocations    | |  2.0

Action                   |  1- 3 |  4- 6 || total
-------------------------+-------+-------++-------
Melee: Mace              |   163 |    23 ||   186
Invok: Depart the Abyss  |     1 |       ||     1
  Use: Scroll            |     6 |       ||     6
 Stab: Sleeping          |     1 |       ||     1
  Eat: Chunk             |     2 |     1 ||     3
Armor: Leather armour    |    97 |     7 ||   104
Dodge: Dodged            |   136 |     8 ||   144
